Map: Abiogenese LE

Players

Twister - Winner!

  • Race: Terran Terran
  • League: Gold
  • Spawn Location: 11:00

Tash

  • Race: Terran Terran
  • Spawn Location: 5:00

VOD

Have the link to the VOD?

Description

Time

  • Played on: April 17, 2018, 2:11 p.m.
  • Length: 8:27
Show
View Real Time Build Order
Export as new Build Order

Twister Terran - Winner!

Build Orders: MMM Bio 

Get SALT Encoding   

  12  0:03  SCV  
  13  0:15  SCV  
  14  0:24  Supply Depot  
  14  0:27  SCV  
  15  0:46  SCV  
  15  0:48  Barracks  
  16  0:52  Refinery  
  16  0:58  SCV  
  17  1:10  SCV  
  18  1:22  SCV  
  19  1:35  Orbital Command  
  19  1:37  Barracks Reactor  
  19  1:45  Command Center  
  19  1:54  Barracks  
  19  2:03  Supply Depot  
  19  2:05  SCV  
  20  2:17  SCV  
  21  2:24  Factory  
  21  2:27  Refinery  
  21  2:29  SCV  
  22  2:31  Marine  
  22  2:32  Marine  
  24  2:43  Supply Depot  
  24  2:44  Barracks Tech Lab  
  24  2:45  SCV  
  25  2:51  Marine  
  25  2:52  Marine  
  25  2:58  SCV  
  28  3:05  Orbital Command  
  28  3:10  Stimpack, SCV  
  28  3:12  Marine  
  30  3:26  SCV  
  31  3:27  Starport  
  31  3:29  Marine  
  31  3:31  Marine  
  33  3:39  Supply Depot, Factory Reactor  
  33  3:41  Marine  
  33  3:44  SCV  
  33  3:46  SCV  
  36  3:53  Marine  
  37  3:56  SCV  
  37  3:58  SCV  
  39  4:03  Marine  
  39  4:04  Barracks  
  39  4:06  Starport Reactor  
  40  4:12  Supply Depot  
  40  4:13  Marine  
  40  4:15  Marine  
  42  4:21  Cyclone  
  42  4:23  SCV  
  46  4:25  SCV  
  46  4:27  Marine  
  46  4:31  Marine  
  48  4:34  Cyclone  
  52  4:39  Refinery  
  52  4:44  Medivac  
  54  4:51  SCV x2  
  54  4:52  Marine x2  
  58  4:54  Barracks Reactor  
  58  5:03  SCV x2  
  60  5:08  Refinery  
  60  5:09  Medivac  
  60  5:10  Marine  
  60  5:11  Marine x2  
  65  5:15  SCV x2  
  65  5:18  Cyclone  
  70  5:32  Supply Depot  
  70  5:33  Supply Depot  
  70  5:35  Combat Shields  
  70  5:42  Supply Depot  
  70  5:53  Marine x3, Medivac, SCV x2  
  70  5:55  Medivac  
  79  6:03  Engineering Bay  
  79  6:04  Engineering Bay  
  79  6:05  SCV x2  
  79  6:08  Cyclone  
  79  6:09  Cyclone  
  79  6:11  Marine x2  
  89  6:17  SCV x2  
  91  6:22  Marine x3  
  94  6:50  Marine  
  94  6:51  SCV x2  
  92  6:54  Cyclone  
  92  6:56  Cyclone  
  92  7:01  Supply Depot  
  90  7:02  Supply Depot x2  
  90  7:03  Command Center  
  89  7:32  Marine  
  89  7:33  Marine x3  
  93  7:46  Medivac x2  
  93  7:51  Marine x4  
Show
View Real Time Build Order
Export as new Build Order

Tash Terran 

Build Orders:  

Get SALT Encoding   

  12  0:02  SCV  
  13  0:20  Supply Depot  
  13  1:05  Barracks  
  13  1:08  SCV  
  14  1:20  SCV  
  15  1:32  SCV  
  16  1:53  Refinery  
  16  1:59  Marine  
  17  2:12  Orbital Command  
  17  2:17  Marine  
  18  2:33  Supply Depot  
  18  2:35  Marine  
  19  2:42  SCV  
  20  2:54  SCV  
  22  3:04  Barracks Reactor  
  22  3:05  Barracks  
  21  3:06  SCV  
  22  3:14  Refinery  
  22  3:18  SCV  
  23  3:27  Command Center  
  23  3:31  SCV  
  24  3:42  Marine x2  
  26  3:59  Marine, SCV  
  26  4:00  Marine  
  29  4:10  Barracks Reactor  
  29  4:11  SCV  
  30  4:17  Marine  
  31  4:38  Marine x2, SCV  
  34  4:46  Supply Depot  
  34  4:51  Marine x2  
  36  4:56  Marine x2  
  38  5:01  Orbital Command  
  38  5:08  Supply Depot  
  38  5:09  Marine x2  
  38  5:12  Factory  
  40  5:14  Marine x2  
  42  5:26  Marine  
  42  5:27  Marine  
  44  5:31  SCV  
  44  5:32  Marine x2  
  47  5:43  SCV  
  47  5:44  Marine x2  
  47  5:49  Marine x2  
  50  5:55  SCV  
  53  5:57  Starport  
  53  6:00  Cyclone  
  53  6:02  Marine  
  57  6:33  Cyclone, Supply Depot  
  60  6:43  Marine x2  
  62  6:49  Marine x2  
  62  6:52  Medivac  
  57  7:01  Marine x2  
  40  7:04  Supply Depot  
  40  7:05  Cyclone  
  40  7:07  Marine  
  35  7:27  Supply Depot  
  26  7:51  Supply Depot  
  26  7:53  Marine x2  
  26  7:54  Marine x2  
Tags
 
Composition
MMM Bio
League
Gold
Matchup
TvT
Race
Terran
Spawn Locations
Cross Positions
Add a new tag
Caveats
  • Supply blocks, unpowered buildings, or Contaminate may cause inaccurate times.
  • Supply counts are checked every 10 seconds.